 Dungeon Sprint DCSS version 0.30-a0-4-ga7cffc901d (webtiles) character file.

Game seed: 451751530320099833

226 mhtbhm the Unseen (level 5, -2/28 HPs)
             Began as a Spriggan Brigand on Aug 21, 2022.
             Slain by a necrophage (6 damage)
             ... in the Dungeon (Sprint III: "The Ten Rune Challenge").
             The game lasted 00:00:50 (228 turns).

mhtbhm the Unseen (Spriggan Brigand)                 Turns: 228, Time: 00:00:51

Health: -2/28      AC:  3    Str:  7    XL:     5   Next: 69%
Magic:  6/6        EV: 17    Int: 12    God:
Gold:   33         SH:  0    Dex: 19    Spells: 4/4 levels left

rFire   . . .      SeeInvis +    a - +2 dagger
rCold   . . .      Faith    .    (no shield)
rNeg    . . .      Spirit   .    b - +0 robe
rPois   .          Reflect  .    (helmet restricted)
rElec   .          Harm     .    c - +0 cloak
rCorr   .          Rampage  .    (gloves unavailable)
Will    .....      NoTele   +    (boots unavailable)
Stlth   ++++++....               (no amulet)
HPRegen 0.09/turn                (no ring)
MPRegen 0.10/turn                (no ring)

@: very quick
A: very small, no large weapons, unfitting armour, see invisible, speed 3
a: no special abilities


You were in the Dungeon.
You visited 1 branch You collected 33 gold pieces.

Inventory:

Hand Weapons
 a - a +2 dagger (weapon)
Missiles
 d - 9 poisoned darts (quivered)
Armour
 b - a +0 robe (worn)
 c - a +0 cloak (worn)
Scrolls
 k - a scroll of blinking
 l - 3 scrolls of torment {unknown}
 n - a scroll of fear {unknown}
Potions
 f - a potion of curing
 g - a potion of heal wounds
 h - a potion of haste
 i - 2 potions of magic
 j - a potion of berserk rage
 m - 2 potions of flight {unknown}
 o - 5 potions of mutation


   Skills:
 + Level 3.0 Fighting
 + Level 4.5 Short Blades
 + Level 4.6 Throwing
 + Level 2.1 Dodging
 + Level 15.8 Stealth


You had 4 spell levels left.
You didn't know any spells.
Your spell library contained the following spells:

 Spells                   Type           Power      Damage    Failure   Level
 Gell's Gravitas          Tloc           0%         N/A       69%         3
 Lesser Beckoning         Tloc           0%         N/A       69%         3
 Teleport Other           Tloc           0%         N/A       69%         3


Dungeon Overview and Level Annotations

Branches:
Dungeon (1/1)

Altars:
Dithmenos
Kikubaaqudgha
Sif Muna
Vehumet


Innate Abilities, Weirdness & Mutations

You are very small and have problems with some larger weapons.
You are too small for most types of armour.
You have supernaturally acute eyesight. (SInv)
You cover ground extremely quickly. (Speed+++)


Message History

You are too injured to fight recklessly!
You are too injured to fight recklessly!
You are too injured to fight recklessly!
You are too injured to fight recklessly!
You are too injured to fight recklessly!
You are too injured to fight recklessly!
You are too injured to fight recklessly!
You are too injured to fight recklessly!
You are too injured to fight recklessly!
You are too injured to fight recklessly!
Unknown command.
Throw: 2 darts (curare)
Press: ? - help, Q - select action, (/) - cycle Shift-Dir - straight line, f - necromancer
Aim: a necromancer, wielding a +0 dagger and wearing a +0 robe (54% to hit)
You throw a curare-tipped dart.
The curare-tipped dart hits the necrophage.
The necrophage is severely damaged.
The necrophage hits you.
You feel drained.
Unknown command.
Throw: dart (curare)
Press: ? - help, Q - select action, (/) - cycle Shift-Dir - straight line, f/p - necromancer
Aim: a necromancer, wielding a +0 dagger and wearing a +0 robe (54% to hit)
You throw a curare-tipped dart.
The curare-tipped dart hits the necromancer.
The necromancer is poisoned.
The necromancer convulses.
The necromancer seems to slow down.
The necromancer is almost dead.
You barely miss the necrophage.
The necrophage is severely damaged.
The necrophage hits you.
* * * LOW HITPOINT WARNING * * *
You hit the necrophage but do no damage.
The necrophage is severely damaged.
You kill the necromancer!
The necrophage closely misses you.
Your life force feels restored.
You hit the necrophage.
The necrophage is severely damaged.
The necrophage hits you.
You die...

▓▓▓ ##.# ##
####..# #_ #..#..#
#/
#..#..###+#+###(##
##'#..#........)n#
###...'.⌠.......@#
###...#...######+#
##....#.⌠.#
#.....#...#
......#'###
#.....#.).#
##....#___#
▓▓▓▓▓▓▓▓▓▓


You could see a necrophage.

Vanquished Creatures
  A water elemental (D)
  A scorpion (D)
  Jessica (D)
  A wizard (D)
  A necromancer (D)
  A human (D)
  A kobold demonologist (D)
  3 rats (D)
10 creatures vanquished.

Notes
Turn   | Place    | Note
-------+----------+-------------------------------------------
     0 | D        | mhtbhm the Spriggan Brigand began the quest for the Orb.
     0 | D        | Reached XP level 1. HP: 10/10 MP: 2/2
    10 | D        | Reached skill level 6 in Stealth
    38 | D        | Noticed Jessica
    39 | D        | Killed Jessica
    40 | D        | Reached skill level 9 in Stealth
    40 | D        | Reached XP level 2. HP: 15/15 MP: 3/3
    67 | D        | Reached skill level 10 in Stealth
    67 | D        | Reached XP level 3. HP: 18/18 MP: 4/4
    75 | D        | Noticed a scorpion
    78 | D        | Killed a scorpion
    79 | D        | Reached skill level 12 in Stealth
    79 | D        | Reached XP level 4. HP: 23/23 MP: 5/5
   106 | D        | Noticed a water elemental
   108 | D        | Killed a water elemental
   109 | D        | Reached skill level 14 in Stealth
   109 | D        | Reached XP level 5. HP: 28/28 MP: 6/6
   111 | D        | Found a radiant altar of Vehumet.
   112 | D        | Found a shimmering blue altar of Sif Muna.
   112 | D        | Found an ancient bone altar of Kikubaaqudgha.
   114 | D        | Reached skill level 15 in Stealth
   211 | D        | Found a shadowy altar of Dithmenos.
   228 | D        | Slain by a necrophage

Illustrated notes

Levels and vault maps discovered:
D:        dungeon_sprint_mu [sprint_mu_entry_cave, sprint_mu_temple_rooms,
          sprint_mu_d1_spiders, sprint_mu_d2_genie, sprint_mu_d3_branching,
          sprint_mu_orc_legion, sprint_mu_elf_gauntlet, sprint_mu_hive_nellie,
          sprint_mu_lair_fedhas, sprint_mu_vaults_butterflies,
          sprint_mu_slime_circle, sprint_mu_shoals_archi,
          sprint_mu_snake_twists, sprint_mu_blade_basic,
          sprint_mu_crypt_chambers, sprint_mu_tomb_spiral,
          sprint_mu_vestibule_basic, sprint_mu_gehenna_hellfire,
          sprint_mu_dis_giant, sprint_mu_tartarus_statrot,
          sprint_mu_cocytus_islands, sprint_mu_zot1]

Skill      XL: |  1  2  3  4  5 |
---------------+----------------+-----
Stealth        | 9 10 12 14 15 | 15.8
Fighting       | 2 3 |  3.0
Short Blades   | 3 4 |  4.5
Throwing       | 3 4 |  4.6
Dodging        | 2 |  2.1

Action                   |  1- 3 |  4- 6 || total
-------------------------+-------+-------++-------
Melee: Dagger            |     8 |    20 ||    28
       Punch             |       |     1 ||     1
Throw: Dart              |     7 |     3 ||    10
 Stab: Sleeping          |     4 |     2 ||     6
Armor: Robe              |     1 |       ||     1
Dodge: Dodged            |     1 |     9 ||    10

Table legend: (Time is in decaauts)
 A = Elapsed time spent in this place.
 B = Non-inter-level travel time spent in this place.
 C = Inter-level travel time spent in this place.
 D = Time resting spent in this place.
 E = Time spent auto-exploring this place.
 F = Levels seen in this place.
 G = Mean time per level.
                   A        B        C        D        E       F      G
               +--------+--------+--------+--------+--------+-----+--------+
         Total |    181 |    181 |      0 |     73 |     17 |   1 |  181.0 |
       Dungeon |    181 |    181 |      0 |     73 |     17 |   1 |  181.0 |
               +--------+--------+--------+--------+--------+-----+--------+

Top non-repeatable levels by time:
       D: 181 daAuts
